[Event "RUS-ch Men Blitz 2019"]
[Site "Sochi"]
[Date "2019.10.17"]
[Round "9.23"]
[White "Gurvich, Vitaly"]
[Black "Belyakov, Bogdan"]
[Result "1/2-1/2"]
[ECO "C67"]
[WhiteElo "2278"]
[BlackElo "2495"]
[Annotator "ChessBase"]
[PlyCount "100"]
[EventDate "2019.10.17"]
[EventType "swiss"]
[EventCountry "RUS"]
[SourceTitle "playchess.com"]
[Source "ChessBase"]
[SourceQuality "1"]
[TimeControl "180+2"]

1. e4 e5 2. Nf3 Nc6 3. Bb5 Nf6 4. O-O Nxe4 5. d4 Nd6 6. dxe5 Nxb5 7. a4 d6 8. e6 fxe6 9. axb5 Nb4 10. Ra4 c5 11. bxc6 Nxc6 12. Nc3 Be7 13. Rg4 O-O 14. Bh6 Rf7 15. Ne4 e5 16. Rg3 d5 17. Neg5 Bxg5 18. Nxg5 Rc7 19. Qh5 Qf6 20. Qe8+ Qf8 21. Qxf8+ Kxf8 22. Nxh7+ Ke8 23. Bxg7 Kf7 24. Ng5+ Ke7 25. Nf3 e4 26. Nd4 Be6 27. Nxc6+ Rxc6 28. c3 a5 29. Bd4 b5 30. f3 Rg8 31. fxe4 Rxg3 32. exd5 Rxg2+ 33. Kxg2 Bxd5+ 34. Kf2 Rh6 35. Kg3 Rg6+ 36. Kf4 Rg2 37. Rf2 Rxf2+ 38. Bxf2 a4 39. h4 Kf7 40. h5 Kg7 41. Kg5 Bc4 42. Bd4+ Kh7 43. h6 Bb3 44. Bg7 Bc4 45. Kf6 Bb3 46. Ke7 Bc4 47. Kd6 Bb3 48. Kc6 Bc4 49. Kc5 Kg6 50. Kb4 Kh7 1/2-1/2

[Event "RUS-ch Men Blitz 2019"]
[Site "Sochi"]
[Date "2019.10.17"]
[Round "9.24"]
[White "Remizov, Yaroslav"]
[Black "Bespalov, Konstantin"]
[Result "1-0"]
[ECO "C46"]
[WhiteElo "2394"]
[BlackElo "2258"]
[Annotator "NA"]
[PlyCount "67"]
[EventDate "2019.10.17"]
[EventType "swiss"]
[EventCountry "RUS"]
[SourceTitle "playchess.com"]
[Source "ChessBase"]
[SourceQuality "1"]
[TimeControl "180+2"]

1. e4 e5 2. Nf3 Nc6 3. Nc3 g6 4. d4 exd4 5. Nxd4 Bg7 6. Be3 Nge7 7. Bc4 d6 8. Qd2 a6 9. a3 Ne5 10. Ba2 Ng4 11. Bg5 h6 12. Bh4 g5 13. Bg3 Ne5 14. O-O-O N7g6 15. Kb1 Bd7 16. Nf5 Bxf5 17. exf5 Ne7 18. f4 gxf4 19. Qxf4 N7c6 20. Nd5 Bf6 21. Rhe1 Bg5 22. Qe4 Kf8 23. h4 Bf6 24. Nf4 Rg8 25. Bxf7 Rxg3 26. Bb3 Qe7 27. Ne6+ Ke8 28. Qf4 Rxb3 29. cxb3 Bxh4 30. Qxh6 Bxe1 31. Qh8+ Kf7 32. Qg7+ Ke8 33. Qg8+ Kd7 34. Qxa8 1-0

[Event "RUS-ch Men Blitz 2019"]
[Site "Sochi"]
[Date "2019.10.17"]
[Round "9.25"]
[White "Musalov, Ruslan"]
[Black "Glek, Igor"]
[Result "1/2-1/2"]
[ECO "B30"]
[WhiteElo "2348"]
[BlackElo "2467"]
[Annotator "ChessBase"]
[PlyCount "52"]
[EventDate "2019.10.17"]
[EventType "swiss"]
[EventCountry "RUS"]
[SourceTitle "playchess.com"]
[Source "ChessBase"]
[SourceQuality "1"]
[TimeControl "180+2"]

1. e4 c5 2. Nf3 Nc6 3. g3 g6 4. Bg2 Bg7 5. O-O e5 6. Nc3 Nge7 7. d3 O-O 8. Be3 d6 9. Qd2 f5 10. Bh6 f4 11. Bxg7 Kxg7 12. Ne2 Nd4 13. Nfxd4 cxd4 14. gxf4 Nc6 15. fxe5 dxe5 16. f4 Bg4 17. fxe5 Bxe2 18. Qxe2 Nxe5 19. Rxf8 Qxf8 20. Rf1 Qd6 21. Rd1 Qb6 22. b3 Qd6 23. Rf1 h5 24. h3 b5 25. Qd2 b4 26. Qf2 a5 1/2-1/2

[Event "RUS-ch Men Blitz 2019"]
[Site "Sochi"]
[Date "2019.10.17"]
[Round "9.26"]
[White "Sysolyatin, Evgeny"]
[Black "Utnasunov, Alexander"]
[Result "1-0"]
[ECO "B70"]
[WhiteElo "2271"]
[BlackElo "2442"]
[Annotator "NA"]
[PlyCount "71"]
[EventDate "2019.10.17"]
[EventType "swiss"]
[EventCountry "RUS"]
[SourceTitle "playchess.com"]
[Source "ChessBase"]
[SourceQuality "1"]
[TimeControl "180+2"]

1. e4 c5 2. Nf3 d6 3. d4 cxd4 4. Nxd4 Nf6 5. Nc3 g6 6. Nf3 Nbd7 7. Bb5 a6 8. Ba4 Bg7 9. e5 dxe5 10. Nxe5 b5 11. Nxd7 Bxd7 12. Bb3 Bc6 13. O-O O-O 14. a3 Qc7 15. h3 Qb7 16. f3 Rad8 17. Qe1 Nd5 18. Nxd5 Bxd5 19. Bxd5 Rxd5 20. c3 Rfd8 21. Qf2 a5 22. Be3 b4 23. axb4 axb4 24. Ra7 Qb5 25. Rxe7 bxc3 26. bxc3 Bxc3 27. Qg3 Rd1 28. Rxd1 Rxd1+ 29. Kh2 Qb1 30. Qf4 Rh1+ 31. Kg3 Be1+ 32. Kg4 h5+ 33. Kg5 Qb3 34. Kh6 Kf8 35. Bc5 Qd5 36. Qb8+ 1-0

[Event "RUS-ch Men Blitz 2019"]
[Site "Sochi"]
[Date "2019.10.17"]
[Round "9.27"]
[White "Frolov, Aleksey G."]
[Black "Faizrakhmanov, Ramil"]
[Result "1-0"]
[ECO "B18"]
[WhiteElo "2093"]
[BlackElo "2434"]
[Annotator "NA"]
[PlyCount "117"]
[EventDate "2019.10.17"]
[EventType "swiss"]
[EventCountry "RUS"]
[SourceTitle "playchess.com"]
[Source "ChessBase"]
[SourceQuality "1"]
[TimeControl "180+2"]

1. e4 c6 2. d4 d5 3. Nc3 dxe4 4. Nxe4 Bf5 5. Ng3 Bg6 6. Bc4 e6 7. N1e2 Bd6 8. h4 h6 9. Nf4 Bxf4 10. Bxf4 Nf6 11. Be2 O-O 12. c4 Nbd7 13. Qb3 Qb6 14. Qc3 Rad8 15. O-O Rfe8 16. c5 Nd5 17. cxb6 Nxc3 18. bxc3 axb6 19. Bf3 Ra8 20. Be4 f5 21. Bc2 b5 22. Rfe1 Nb6 23. Bb3 Bf7 24. Bc7 Nc4 25. a4 Nd2 26. Bc2 bxa4 27. Bxa4 b5 28. Bc2 Nc4 29. Ne2 g5 30. hxg5 hxg5 31. Be5 Kh7 32. g4 Bg6 33. Kg2 Kg8 34. Ng3 Rf8 35. Rxa8 Rxa8 36. gxf5 exf5 37. Nxf5 Bxf5 38. Bxf5 Kf7 39. Be4 Ra6 40. Rh1 Nxe5 41. dxe5 Ke6 42. Rh6+ Kxe5 43. Rxc6 Ra3 44. Bf3 Kf4 45. Rc5 Ra2 46. Rxb5 Rc2 47. Rb4+ Ke5 48. c4 Kd4 49. Rb5 Rxc4 50. Rxg5 Rc2 51. Kg3 Rc1 52. Rd5+ Kc4 53. Rd8 Re1 54. Kf4 Kc5 55. Be4 Rf1 56. f3 Rh1 57. Ke5 Rh6 58. Rc8+ Kb6 59. f4 1-0

[Event "RUS-ch Men Blitz 2019"]
[Site "Sochi"]
[Date "2019.10.17"]
[Round "9.28"]
[White "Korchmar, Vasiliy"]
[Black "Klimentov, Evgeny"]
[Result "1-0"]
[ECO "B06"]
[WhiteElo "2432"]
[BlackElo "2199"]
[Annotator "NA"]
[PlyCount "73"]
[EventDate "2019.10.17"]
[EventType "swiss"]
[EventCountry "RUS"]
[SourceTitle "playchess.com"]
[Source "ChessBase"]
[SourceQuality "1"]
[TimeControl "180+2"]

1. d4 d6 2. e4 g6 3. Nc3 Bg7 4. f4 a6 5. Nf3 b5 6. Bd3 Nd7 7. a4 b4 8. Ne2 c5 9. c3 bxc3 10. bxc3 Ngf6 11. e5 Nd5 12. a5 cxd4 13. cxd4 Nb4 14. Bb1 O-O 15. Bd2 Rb8 16. O-O dxe5 17. fxe5 Nd5 18. Qe1 Rb2 19. Bc1 Rb4 20. Be4 Nxe5 21. Nxe5 Bxe5 22. Bxd5 Rxd4 23. Bb3 Rd3 24. Rb1 Bf5 25. Bh6 Bg7 26. Bxg7 Kxg7 27. Bc2 Rd5 28. Bxf5 gxf5 29. Nf4 Rxa5 30. Rb7 Qd4+ 31. Kh1 Re5 32. Qg3+ Kh8 33. Rfb1 Rg8 34. Rb8 Re1+ 35. Qxe1 Qxf4 36. Rxg8+ Kxg8 37. Qxe7 1-0

[Event "RUS-ch Men Blitz 2019"]
[Site "Sochi"]
[Date "2019.10.17"]
[Round "9.29"]
[White "Chekletsov, Ilya"]
[Black "Apryshko, Gleb"]
[Result "1-0"]
[ECO "A40"]
[WhiteElo "2377"]
[BlackElo "2382"]
[Annotator "NA"]
[PlyCount "79"]
[EventDate "2019.10.17"]
[EventType "swiss"]
[EventCountry "RUS"]
[SourceTitle "playchess.com"]
[Source "ChessBase"]
[SourceQuality "1"]
[TimeControl "180+2"]

1. d4 g6 2. c4 Bg7 3. e4 Nc6 4. d5 Nd4 5. Ne2 c5 6. Nxd4 cxd4 7. Bd3 d6 8. O-O Nf6 9. Bc2 Nd7 10. Ba4 O-O 11. Bxd7 Bxd7 12. Qd3 Rc8 13. b3 e5 14. Ba3 Qe7 15. Bb4 f5 16. Nd2 Bh6 17. a4 Bxd2 18. Bxd2 fxe4 19. Qxe4 Bf5 20. Qe2 e4 21. Bh6 Rfe8 22. Qd2 Qh4 23. Bg5 Qh5 24. Bf4 g5 25. Bxd6 e3 26. Qxd4 e2 27. Rfe1 Bc2 28. Bg3 Qg6 29. d6 Rcd8 30. Qd5+ Kg7 31. Be5+ Kh6 32. Rxe2 Bxb3 33. Rae1 Bxa4 34. c5 Bc6 35. Qd4 Rf8 36. Re3 g4 37. Bf4+ Kh5 38. Re5+ Rf5 39. Rxf5+ Qxf5 40. Re5 1-0

[Event "RUS-ch Men Blitz 2019"]
[Site "Sochi"]
[Date "2019.10.17"]
[Round "9.30"]
[White "Alexeev, Alexey"]
[Black "Shubin, Kirill"]
[Result "0-1"]
[ECO "C03"]
[WhiteElo "2252"]
[BlackElo "2416"]
[Annotator "NA"]
[PlyCount "52"]
[EventDate "2019.10.17"]
[EventType "swiss"]
[EventCountry "RUS"]
[SourceTitle "playchess.com"]
[Source "ChessBase"]
[SourceQuality "1"]
[TimeControl "180+2"]

1. e4 e6 2. d4 d5 3. Nd2 Be7 4. Ngf3 Nf6 5. Bd3 c5 6. c3 Nc6 7. O-O cxd4 8. cxd4 dxe4 9. Nxe4 O-O 10. Nc3 b6 11. a3 Bb7 12. Re1 Rc8 13. Bc2 g6 14. Bh6 Re8 15. Qd3 Nd5 16. Ba4 a6 17. Ne4 b5 18. Bb3 Na5 19. Ba2 Nc4 20. b4 Nf6 21. Nc5 Bxc5 22. bxc5 Rxc5 23. Rad1 Rf5 24. Ng5 Ng4 25. Nxf7 Rxf7 26. Bc1 Nxf2 0-1

[Event "RUS-ch Men Blitz 2019"]
[Site "Sochi"]
[Date "2019.10.17"]
[Round "9.31"]
[White "Denishev, Marat"]
[Black "Radzhabov, Rodion"]
[Result "0-1"]
[ECO "A45"]
[WhiteElo "2167"]
[BlackElo "2211"]
[Annotator "NA"]
[PlyCount "64"]
[EventDate "2019.10.17"]
[EventType "swiss"]
[EventCountry "RUS"]
[SourceTitle "playchess.com"]
[Source "ChessBase"]
[SourceQuality "1"]
[TimeControl "180+2"]

1. d4 Nf6 2. Bf4 c5 3. e3 Qb6 4. Nc3 d6 5. Qd2 cxd4 6. exd4 g6 7. Nf3 Bg7 8. Bc4 O-O 9. O-O Qc7 10. Be2 a6 11. a4 b6 12. Rfe1 Bb7 13. h3 Nc6 14. Bf1 Rfe8 15. g3 Na5 16. Bg2 Nc4 17. Qc1 Rac8 18. Nd1 e5 19. dxe5 dxe5 20. Bh6 Bh8 21. b3 e4 22. Nh2 Ne5 23. Ne3 Nf3+ 24. Nxf3 exf3 25. Bf1 Ne4 26. Bf4 Qc5 27. Bd3 g5 28. Bxe4 gxf4 29. Bxb7 fxe3 30. Rxe3 Rxe3 31. Bxc8 Re2 32. Qf1 Bxa1 0-1

[Event "RUS-ch Men Blitz 2019"]
[Site "Sochi"]
[Date "2019.10.17"]
[Round "10.4"]
[White "Lysyj, Igor"]
[Black "Bocharov, Dmitry"]
[Result "0-1"]
[ECO "E17"]
[WhiteElo "2596"]
[BlackElo "2519"]
[Annotator "ChessBase"]
[PlyCount "122"]
[EventDate "2019.10.17"]
[EventType "swiss"]
[EventCountry "RUS"]
[SourceTitle "playchess.com"]
[Source "ChessBase"]
[SourceQuality "1"]
[TimeControl "180+2"]

1. d4 Nf6 2. c4 e6 3. Nf3 b6 4. g3 Bb7 5. Bg2 Be7 6. Nc3 Ne4 7. Bd2 d5 8. cxd5 exd5 9. Qa4+ Qd7 10. Qb3 Nxd2 11. Nxd2 c6 12. O-O O-O 13. Rad1 f5 14. e4 fxe4 15. Ndxe4 Kh8 16. Nd2 Bf6 17. Nf3 Qd6 18. Rfe1 Nd7 19. h4 Rae8 20. Qc2 g6 21. a3 c5 22. Rxe8 Rxe8 23. Ng5 Bxg5 24. hxg5 cxd4 25. Nb5 Qe5 26. Nxd4 Nc5 27. Nf3 Qg7 28. Qd2 Ne4 29. Qd4 Qxd4 30. Rxd4 Rc8 31. Rd1 Rc2 32. Nd4 Rxb2 33. Bxe4 dxe4 34. Ne6 Kg8 35. Rd7 Bc8 36. Rd8+ Kf7 37. Nf4 Bg4 38. Kg2 Bf3+ 39. Kh3 Rb1 40. g4 Rh1+ 41. Kg3 Rg1+ 42. Kh3 Rxg4 43. Nd5 Rxg5 44. Ne3 Ra5 45. Rd7+ Ke6 46. Rxh7 Rxa3 47. Kg3 a5 48. Rb7 Rb3 49. Ra7 Kd6 50. Kf4 Kc5 51. Kg5 Rb2 52. Kxg6 Rxf2 53. Kf5 Rd2 54. Rc7+ Kb5 55. Kf4 a4 56. Nc4 Rd4 57. Na3+ Ka6 58. Nc2 Rd2 59. Na3 b5 60. Rc6+ Ka5 61. Rc8 Ra2 0-1

[Event "RUS-ch Men Blitz 2019"]
[Site "Sochi"]
[Date "2019.10.17"]
[Round "10.7"]
[White "Tsydypov, Zhamsaran"]
[Black "Triapishko, Alexandr"]
[Result "1/2-1/2"]
[ECO "B12"]
[WhiteElo "2553"]
[BlackElo "2514"]
[Annotator "ChessBase"]
[PlyCount "187"]
[EventDate "2019.10.17"]
[EventType "swiss"]
[EventCountry "RUS"]
[SourceTitle "playchess.com"]
[Source "ChessBase"]
[SourceQuality "1"]
[TimeControl "180+2"]

1. e4 c6 2. d4 d5 3. e5 Bf5 4. Nf3 e6 5. Be2 Ne7 6. O-O c5 7. dxc5 Nec6 8. a3 a5 9. c4 d4 10. Bd3 Bxd3 11. Qxd3 Nd7 12. Nbd2 Nxc5 13. Qe2 a4 14. Ne4 Nb3 15. Rb1 Qb6 16. Bg5 h6 17. Bh4 Nc5 18. Rfd1 Nxe4 19. Qxe4 Bc5 20. Qg4 g5 21. Bg3 O-O-O 22. Qh5 Qc7 23. Ne1 b6 24. Nd3 Na5 25. Rbc1 Nb3 26. Rc2 Kb8 27. h4 Rdg8 28. Qf3 Qb7 29. Qxb7+ Kxb7 30. h5 Rc8 31. Rf1 Rc7 32. f4 gxf4 33. Rxf4 Rh7 34. Bf2 Rg7 35. Rf6 Rh7 36. Rf4 Rg7 37. Kf1 Rd7 38. Bh4 Be7 39. Bf6 Rg3 40. Rf3 Rxf3+ 41. gxf3 Nc5 42. Ke2 Kc6 43. Bg7 Bg5 44. f4 Nxd3 45. fxg5 Nf4+ 46. Kf3 hxg5 47. h6 d3 48. Rd2 Kc5 49. h7 Ng6 50. h8=Q Nxh8 51. Bxh8 Kxc4 52. Bf6 Rd4 53. Bxg5 b5 54. Bf4 Kb3 55. Ke3 Kc4 56. Bg3 Rd5 57. Rd1 Kb3 58. Rd2 Kc4 59. Bf4 Rd4 60. Rd1 Rd5 61. Bg3 Kb3 62. Rd2 Kc4 63. Bh2 Rd4 64. Bf4 Rd5 65. Kf3 Rd4 66. Bg5 Rd5 67. Ke4 Rd4+ 68. Ke3 Rd5 69. Bf6 Rd4 70. Be7 Rd5 71. Bd6 f6 72. Ke4 f5+ 73. Ke3 Rd4 74. Rd1 Re4+ 75. Kf3 Rd4 76. Bb4 Kb3 77. Ke3 Re4+ 78. Kxd3 Rxe5 79. Rf1 Rd5+ 80. Ke2 Kxb2 81. Rf3 Kc2 82. Rc3+ Kb2 83. Rf3 Kc2 84. Bc3 Rc5 85. Bd4 Rc4 86. Bf6 Re4+ 87. Kf2 b4 88. axb4 Rxb4 89. Rc3+ Kb1 90. Ra3 Kc2 91. Ke2 Re4+ 92. Kf2 Rb4 93. Rc3+ Kb1 94. Ra3 1/2-1/2

[Event "RUS-ch Men Blitz 2019"]
[Site "Sochi"]
[Date "2019.10.17"]
[Round "10.8"]
[White "Popov, Valerij"]
[Black "Timofeev, Artyom"]
[Result "0-1"]
[ECO "A45"]
[WhiteElo "2535"]
[BlackElo "2595"]
[Annotator "ChessBase"]
[PlyCount "104"]
[EventDate "2019.10.17"]
[EventType "swiss"]
[EventCountry "RUS"]
[SourceTitle "playchess.com"]
[Source "ChessBase"]
[SourceQuality "1"]
[TimeControl "180+2"]

1. d4 Nf6 2. Bg5 e6 3. e3 c5 4. c3 d5 5. Nd2 b6 6. Ngf3 Be7 7. Bb5+ Nfd7 8. Bxe7 Qxe7 9. e4 Bb7 10. Qe2 O-O 11. O-O cxd4 12. Nxd4 a6 13. Bd3 dxe4 14. Bxe4 Nf6 15. Bf3 Bxf3 16. Qxf3 Nbd7 17. Rfd1 Ne5 18. Qg3 Ng6 19. Nc4 b5 20. Na5 Qc5 21. Nab3 Qb6 22. a4 bxa4 23. Rxa4 Nd5 24. Ra3 Rfc8 25. Rda1 h6 26. Qd3 Ngf4 27. Qf1 e5 28. Nf5 Qe6 29. Ng3 Nf6 30. Ne2 Nd3 31. Qb1 Rd8 32. h3 Ne4 33. f3 Ng5 34. Kh2 Qd6 35. Kh1 Nf2+ 36. Kg1 Qb6 37. Kh2 Nfxh3 38. Qf1 Nf2 39. c4 Nd3 40. c5 Nxc5 41. Qf2 Nd7 42. Qxb6 Nxb6 43. Rxa6 Rxa6 44. Rxa6 Nc4 45. Ra2 Rb8 46. Nc5 Rxb2 47. Ra8+ Kh7 48. Ng1 Ne3 49. Nd7 Ne6 50. Nxe5 Rxg2+ 51. Kh1 Rg5 52. Ng4 Nxg4 0-1

[Event "RUS-ch Men Blitz 2019"]
[Site "Sochi"]
[Date "2019.10.17"]
[Round "10.9"]
[White "Potapov, Pavel"]
[Black "Golubov, Saveliy"]
[Result "0-1"]
[ECO "B09"]
[WhiteElo "2489"]
[BlackElo "2469"]
[Annotator "ChessBase"]
[PlyCount "70"]
[EventDate "2019.10.17"]
[EventType "swiss"]
[EventCountry "RUS"]
[SourceTitle "playchess.com"]
[Source "ChessBase"]
[SourceQuality "1"]
[TimeControl "180+2"]

1. e4 g6 2. d4 Bg7 3. Nc3 d6 4. f4 Nf6 5. Nf3 O-O 6. Be2 c5 7. dxc5 Qa5 8. O-O Qxc5+ 9. Kh1 Nc6 10. Bd3 Bg4 11. Qe1 Nb4 12. Be3 Qh5 13. a3 Nxd3 14. cxd3 a6 15. Rc1 Rac8 16. Qg3 Bd7 17. d4 Bc6 18. d5 Bb5 19. Rfe1 Rxc3 20. bxc3 Nxe4 21. Qh3 Qxh3 22. gxh3 Nxc3 23. Bd4 Nxd5 24. Bxg7 Kxg7 25. Nd4 Bd7 26. Rf1 e5 27. fxe5 dxe5 28. Nf3 Re8 29. Rfe1 f6 30. h4 Bc6 31. Kg1 Nf4 32. Rc3 Nd5 33. Rcc1 Kf7 34. Kf2 Nf4 35. Rc3 e4 0-1

[Event "RUS-ch Men Blitz 2019"]
[Site "Sochi"]
[Date "2019.10.17"]
[Round "10.10"]
[White "Nozdrachev, Vladislav"]
[Black "Khegay, Dmitriy"]
[Result "1-0"]
[ECO "B00"]
[WhiteElo "2494"]
[BlackElo "2509"]
[Annotator "ChessBase"]
[PlyCount "47"]
[EventDate "2019.10.17"]
[EventType "swiss"]
[EventCountry "RUS"]
[SourceTitle "playchess.com"]
[Source "ChessBase"]
[SourceQuality "1"]
[TimeControl "180+2"]

1. e4 Nc6 2. Nf3 d5 3. exd5 Qxd5 4. Nc3 Qa5 5. Bb5 Bg4 6. h3 Bd7 7. d4 a6 8. Bc4 Nf6 9. d5 Nb8 10. O-O g6 11. Ne5 Bg7 12. Bb3 b5 13. d6 e6 14. Qf3 Ra7 15. Bg5 cxd6 16. Bxf6 O-O 17. Ng4 h5 18. Bxg7 Kxg7 19. Qf6+ Kh7 20. Ne3 Bc6 21. Bxe6 b4 22. Ncd5 Qd8 23. Qd4 fxe6 24. Qxa7+ {[%emt 0:00:01] exd5} 1-0

[Event "RUS-ch Men Blitz 2019"]
[Site "Sochi"]
[Date "2019.10.17"]
[Round "10.11"]
[White "Savchenko, Boris"]
[Black "Zakhartsov, Vladimir"]
[Result "1-0"]
[ECO "B50"]
[WhiteElo "2581"]
[BlackElo "2514"]
[Annotator "ChessBase"]
[PlyCount "65"]
[EventDate "2019.10.17"]
[EventType "swiss"]
[EventCountry "RUS"]
[SourceTitle "playchess.com"]
[Source "ChessBase"]
[SourceQuality "1"]
[TimeControl "180+2"]

1. e4 c5 2. Nf3 d6 3. c3 Nf6 4. g3 g6 5. Bg2 Bg7 6. O-O O-O 7. Re1 Nc6 8. d3 Bg4 9. h3 Bxf3 10. Bxf3 Nd7 11. a4 a6 12. Bg2 Rb8 13. Nd2 b5 14. axb5 axb5 15. Nf1 b4 16. e5 Qc7 17. exd6 exd6 18. Ne3 Nb6 19. Bd2 Rfe8 20. Ra6 Ne5 21. Qc2 b3 22. Qb1 c4 23. d4 Nd3 24. Rd1 Qd7 25. Rxb6 Rxb6 26. Nxc4 Qf5 27. Be3 Rxe3 28. fxe3 Qf2+ 29. Kh2 Qc2 30. Nxb6 Bh6 31. Nc4 d5 32. Nd2 Bxe3 33. Nxb3 1-0

[Event "RUS-ch Men Blitz 2019"]
[Site "Sochi"]
[Date "2019.10.17"]
[Round "10.12"]
[White "Nesterov, Arseniy"]
[Black "Rozum, Ivan"]
[Result "1-0"]
[ECO "A53"]
[WhiteElo "2484"]
[BlackElo "2599"]
[Annotator "ChessBase"]
[PlyCount "101"]
[EventDate "2019.10.17"]
[EventType "swiss"]
[EventCountry "RUS"]
[SourceTitle "playchess.com"]
[Source "ChessBase"]
[SourceQuality "1"]
[TimeControl "180+2"]

1. d4 Nf6 2. c4 d6 3. Nc3 e5 4. d5 Be7 5. e4 O-O 6. f3 Nbd7 7. Be3 Nh5 8. Qd2 g6 9. O-O-O f5 10. exf5 gxf5 11. g4 fxg4 12. fxg4 Nf4 13. Nge2 Bg5 14. h4 Bxh4 15. Nxf4 exf4 16. Bd4 Ne5 17. Qh2 Nf3 18. Qh3 Qg5 19. Qxf3 Bxg4 20. Qd3 Bxd1 21. Kxd1 Rae8 22. Be2 Re7 23. Ne4 Qg6 24. Rg1 Bg3 25. Nxg3 Qxd3+ 26. Bxd3 fxg3 27. Rxg3+ Kf7 28. Bxh7 Ke8 29. Bd3 Kd7 30. Kd2 c5 31. dxc6+ bxc6 32. c5 Rf4 33. Be3 Ra4 34. a3 d5 35. Bf5+ Kc7 36. Bc2 Rh4 37. Bg5 Rh2+ 38. Kc3 Ree2 39. Bf4+ Kb7 40. Rg7+ Kc8 41. Bxh2 Rxh2 42. Rxa7 Kb8 43. Rf7 Rh4 44. b4 Rh3+ 45. Bd3 Rg3 46. a4 Rg1 47. b5 Ra1 48. bxc6 Ra3+ 49. Kc2 Rxa4 50. c7+ Kb7 51. c6+ 1-0

[Event "RUS-ch Men Blitz 2019"]
[Site "Sochi"]
[Date "2019.10.17"]
[Round "10.13"]
[White "Sakaev, Konstantin"]
[Black "Gutenev, Alexander"]
[Result "1-0"]
[ECO "A50"]
[WhiteElo "2595"]
[BlackElo "2469"]
[Annotator "ChessBase"]
[PlyCount "49"]
[EventDate "2019.10.17"]
[EventType "swiss"]
[EventCountry "RUS"]
[SourceTitle "playchess.com"]
[Source "ChessBase"]
[SourceQuality "1"]
[TimeControl "180+2"]

1. d4 Nf6 2. c4 b6 3. Nc3 Bb7 4. Nf3 g6 5. d5 Bg7 6. e4 O-O 7. Bd3 d6 8. O-O Nfd7 9. Bg5 h6 10. Bh4 Nc5 11. Bc2 Qd7 12. Re1 c6 13. e5 cxd5 14. Nxd5 Bxd5 15. cxd5 g5 16. Bg3 Nba6 17. a3 Qg4 18. b4 Nd7 19. Qd3 f5 20. Qxa6 f4 21. Qd3 Nxe5 22. Rxe5 fxg3 23. Qh7+ Kf7 24. Qg6+ Kg8 25. Rxe7 1-0

[Event "RUS-ch Men Blitz 2019"]
[Site "Sochi"]
[Date "2019.10.17"]
[Round "10.14"]
[White "Savitskiy, Sergey"]
[Black "Antipov, Mikhail Al."]
[Result "1-0"]
[ECO "B31"]
[WhiteElo "2407"]
[BlackElo "2567"]
[Annotator "ChessBase"]
[PlyCount "83"]
[EventDate "2019.10.17"]
[EventType "swiss"]
[EventCountry "RUS"]
[SourceTitle "playchess.com"]
[Source "ChessBase"]
[SourceQuality "1"]
[TimeControl "180+2"]

1. e4 c5 2. Nf3 Nc6 3. Bb5 g6 4. O-O Bg7 5. c3 Nf6 6. Re1 O-O 7. d4 d5 8. e5 Ne4 9. Bxc6 bxc6 10. Nbd2 Nxd2 11. Bxd2 Qb6 12. dxc5 Qxb2 13. Qa4 Bf5 14. Bg5 e6 15. Nd4 Qxc3 16. Rac1 Qb2 17. Nxc6 h6 18. Be7 Rfe8 19. Bd6 Be4 20. Nd4 h5 21. c6 Bh6 22. Rcd1 Qc3 23. c7 Rec8 24. Qc6 Qa5 25. Qd7 Bd2 26. Nc6 Qc3 27. Ne7+ Kg7 28. Rf1 h4 29. Nxc8 h3 30. Bf8+ Kxf8 31. Qe7+ Kg8 32. Nd6 hxg2 33. Qxf7+ Kh8 34. Qf6+ Kh7 35. Qh4+ Kg7 36. Qe7+ Kh6 37. Nf7+ Kh5 38. Rfe1 Bf4 39. Re3 Qc2 40. Rh3+ Kg4 41. Qh4+ Kf5 42. Qf6+ 1-0

[Event "RUS-ch Men Blitz 2019"]
[Site "Sochi"]
[Date "2019.10.17"]
[Round "10.15"]
[White "Lugovskoy, Maxim"]
[Black "Frolov, Aleksey G."]
[Result "1-0"]
[ECO "A45"]
[WhiteElo "2436"]
[BlackElo "2093"]
[Annotator "NA"]
[PlyCount "84"]
[EventDate "2019.10.17"]
[EventType "swiss"]
[EventCountry "RUS"]
[SourceTitle "playchess.com"]
[Source "ChessBase"]
[SourceQuality "1"]
[TimeControl "180+2"]

1. d4 Nf6 2. Nc3 d5 3. Bf4 e6 4. Nb5 Bd6 5. Nxd6+ cxd6 6. Nf3 Nc6 7. h3 O-O 8. e3 Re8 9. Be2 e5 10. Bg5 h6 11. Bxf6 Qxf6 12. dxe5 dxe5 13. c3 d4 14. O-O d3 15. Bxd3 e4 16. Be2 exf3 17. Bxf3 Bf5 18. Qa4 Rad8 19. Rfd1 a6 20. Qf4 Bc2 21. Rxd8 Rxd8 22. Qc7 Qe7 23. Qb6 Rd6 24. Qc5 Qd7 25. Rc1 Bg6 26. b4 Rd2 27. a4 Qd6 28. Qb6 Ne5 29. Qxb7 Nxf3+ 30. Qxf3 Bc2 31. Qa8+ Kh7 32. b5 Rd1+ 33. Rxd1 Qxd1+ 34. Kh2 Qd6+ 35. Kg1 Bxa4 36. Qe4+ g6 37. Qxa4 axb5 38. Qxb5 Qd1+ 39. Qf1 Qc2 40. Qc4 Qd1+ 41. Kh2 Qd6+ 42. Qf4 Qd7 1-0

[Event "RUS-ch Men Blitz 2019"]
[Site "Sochi"]
[Date "2019.10.17"]
[Round "10.16"]
[White "Shubin, Kirill"]
[Black "Papin, Vasily"]
[Result "1/2-1/2"]
[ECO "B40"]
[WhiteElo "2416"]
[BlackElo "2481"]
[Annotator "ChessBase"]
[PlyCount "79"]
[EventDate "2019.10.17"]
[EventType "swiss"]
[EventCountry "RUS"]
[SourceTitle "playchess.com"]
[Source "ChessBase"]
[SourceQuality "1"]
[TimeControl "180+2"]

1. e4 c5 2. Nf3 e6 3. g3 Nc6 4. Bg2 g5 5. h3 Bg7 6. c3 h6 7. Na3 Nge7 8. O-O d5 9. exd5 Nxd5 10. Nc2 O-O 11. d4 cxd4 12. Ncxd4 Qb6 13. Nxc6 bxc6 14. Qc2 Ba6 15. Re1 Rfd8 16. h4 g4 17. Nh2 h5 18. Nf1 Rab8 19. Nd2 Rd7 20. a4 Nf6 21. a5 Qc5 22. Ne4 Nxe4 23. Bxe4 Rbd8 24. Be3 Qb5 25. Red1 f5 26. Bg2 Rxd1+ 27. Rxd1 Rxd1+ 28. Qxd1 Qxb2 29. Qd8+ Kh7 30. Qg5 Bc4 31. Qxh5+ Kg8 32. Qe8+ Kh7 33. h5 Qxc3 34. Qg6+ Kh8 35. h6 Bf6 36. Kh2 Bd5 37. Bd2 Qd4 38. Be3 Qc3 39. Bd2 Qd4 40. Be3 1/2-1/2

[Event "RUS-ch Men Blitz 2019"]
[Site "Sochi"]
[Date "2019.10.17"]
[Round "10.17"]
[White "Mikhailovsky, Vladimir"]
[Black "Samusenko, Maksim"]
[Result "1-0"]
[ECO "A05"]
[WhiteElo "2209"]
[BlackElo "2445"]
[Annotator "NA"]
[PlyCount "84"]
[EventDate "2019.10.17"]
[EventType "swiss"]
[EventCountry "RUS"]
[SourceTitle "playchess.com"]
[Source "ChessBase"]
[SourceQuality "1"]
[TimeControl "180+2"]

1. Nf3 Nf6 2. b3 g6 3. Bb2 Bg7 4. g3 O-O 5. Bg2 d6 6. O-O e5 7. c4 Nbd7 8. d4 Re8 9. dxe5 Ng4 10. Nc3 Ngxe5 11. Nxe5 Bxe5 12. Qc2 a5 13. e4 Nc5 14. f4 Bg7 15. Nd5 c6 16. Bxg7 Kxg7 17. Qb2+ f6 18. Nc3 Be6 19. Rad1 Qe7 20. Rfe1 Rad8 21. Ne2 Bg4 22. h3 Be6 23. Nd4 Bf7 24. Qc3 Qc7 25. g4 Kg8 26. h4 Qb6 27. Kh1 Qb4 28. Qg3 a4 29. g5 fxg5 30. hxg5 axb3 31. axb3 Ra8 32. Re3 Kh8 33. Qh4 Nd7 34. Nf3 Nf8 35. Nh2 Ra2 36. Ng4 d5 37. Nf6 Re7 38. Qh6 Rc7 39. Nxd5 Bxd5 40. Rxd5 Ra1+ 41. Kh2 Rf7 42. f5 Qb6 1-0